 Dungeon Crawl Stone Soup version 0.19-a0-1937-g70ed36a (webtiles) character file.

197 varam the Insei (level 5, -2/41 HPs)
             Began as a Demonspawn Monk on Oct 26, 2016.
             Slain by Grinder (4 damage)
             ... on level 3 of the Dungeon.
             The game lasted 00:05:11 (2620 turns).

varam the Insei (Demonspawn Monk)                   Turns: 2620, Time: 00:05:12

Health: -2/41      AC:  7    Str: 13    XL:     5   Next: 46%
Magic:  5/5        EV: 13    Int: 11    God:
Gold:   112        SH:  0    Dex: 15    Spells: 0 memorised, 4 levels left

rFire  . . .     SeeInvis .       - Unarmed
rCold  . . .     Gourm    .     a - +0 robe
rNeg   . . .     Faith    .     (no shield)
rPois  .         Spirit   .     f - +0 helmet
rElec  .         Reflect  .     i - +2 cloak
rCorr  .         Harm     .     k - +0 pair of gloves
MR     .....                    (no boots)
Stlth  +++.......               (no amulet)
                                (no ring)
                                (no ring)

@: no status effects
A: talons 1, nightstalker 1, powered by death 1, sturdy frame 1
a: no special abilities


You were on level 3 of the Dungeon.
You were not hungry.

You visited 1 branch of the dungeon, and saw 3 of its levels.

You collected 112 gold pieces.

Inventory:

Missiles
 j - 34 stones (quivered)
 u - 2 tomahawks
Armour
 a - a +0 robe (worn)
 f - a +0 helmet (worn)
 i - a +2 cloak (worn)
 k - a +0 pair of gloves (worn)
Scrolls
 g - a scroll of immolation {unknown}
 h - 2 scrolls of remove curse {unknown}
 m - a scroll of identify {unknown}
 s - a scroll of enchant weapon {unknown}
Potions
 c - 2 potions of magic {unknown}
 e - a potion of cure mutation {unknown}
 l - 2 potions of haste {unknown}
 n - a potion of agility {unknown}
 o - a potion of heal wounds
 p - a potion of brilliance {unknown}
 r - a potion of degeneration {unknown}
 v - a potion of might {unknown}
Books
 w - a book of Cantrips

   Spells                             Type                      Level
   a - Confusing Touch                Hexes                        1
   b - Animate Skeleton               Necromancy                   1
   c - Summon Small Mammal            Summoning                    1
   d - Apportation                    Translocation                1
Comestibles
 b - 2 bread rations
 d - a royal jelly
 q - 4 chunks of flesh
 t - 4 fruits


   Skills:
 - Level 3.1 Fighting
 - Level 2.8 Dodging
 - Level 1.7 Stealth
 + Level 5.5 Unarmed Combat


You had 4 spell levels left.
You didn't know any spells.

Dungeon Overview and Level Annotations

Branches:
Dungeon (3/15)

Altars:
Ru
Sif Muna
Uskayaw

Annotations:
D:3 Grinder


Innate Abilities, Weirdness & Mutations

You have sharp toenails.
You are slightly more attuned to the shadows.
You regenerate a little health from kills.
Your movements are slightly less encumbered by armour. (ER -2)


Message History

Grinder drinks a potion.
Grinder is healed!
You hit Grinder. You claw Grinder.
Grinder is moderately wounded.
Grinder blinks!
Grinder hits you but does no damage.
You closely miss Grinder.
Grinder is moderately wounded.
Grinder gestures at you. Pain shoots through your body!
* * * LOW HITPOINT WARNING * * *
You barely miss Grinder. You punch Grinder, but do no damage.
Grinder is moderately wounded.
Grinder gestures at you. You resist with significant effort.
You barely miss Grinder.
Grinder is moderately wounded.
Grinder hits you.
* * * LOW HITPOINT WARNING * * *
You writhe in agony.
You die...

#.#.#....#<.#.#
#.#.#..#.#.##.#
#.#.#..#.#.##.#
#.#.#..#.#.##.#
#.#.####.#....#
#.#...)..######
#.########
#.##########
#).5@.......
#.##########
###


You could see Grinder.

Vanquished Creatures
  An orc priest (D:3)
  An orc wizard (D:3)
  A worker ant zombie (D:3)
  4 adders
  2 worms
  4 dart slugs
  A leopard gecko (D:3)
  10 orcs (D:3)
  3 giant cockroaches
  10 goblins
  2 hobgoblins (D:3)
  5 jackals (D:3)
  A quokka (D:3)
  6 bats
  5 frilled lizards
  9 kobolds
  4 rats
69 creatures vanquished.

Notes
Turn   | Place    | Note
-------+----------+-------------------------------------------
     0 | D:1      | varam the Demonspawn Monk began the quest for the Orb.
     0 | D:1      | Reached XP level 1. HP: 18/18 MP: 1/1
   212 | D:1      | Reached skill level 3 in Unarmed Combat
   217 | D:1      | Gained mutation: Your movements are slightly less encumbered by armour. (ER -2) [demonic ancestry]
   217 | D:1      | Reached XP level 2. HP: 9/24 MP: 2/2
  1176 | D:2      | Gained mutation: You have sharp toenails. [demonic ancestry]
  1176 | D:2      | Reached XP level 3. HP: 23/29 MP: 3/3
  1282 | D:2      | Found a deep blue altar of Sif Muna.
  1283 | D:2      | Found a hide-covered altar of Uskayaw.
  1284 | D:2      | Found a sacrificial altar of Ru.
  1395 | D:3      | Reached skill level 4 in Unarmed Combat
  1803 | D:3      | Gained mutation: You regenerate a little health from kills. [demonic ancestry]
  1803 | D:3      | Reached XP level 4. HP: 9/35 MP: 4/4
  2135 | D:3      | Reached skill level 5 in Unarmed Combat
  2170 | D:3      | Gained mutation: You are slightly more attuned to the shadows. [demonic ancestry]
  2170 | D:3      | Reached XP level 5. HP: 31/41 MP: 5/5
  2602 | D:3      | Noticed Grinder
  2620 | D:3      | HP: 2/41 [Grinder (5)]
  2620 | D:3      | Slain by Grinder

Vault maps used:
D:1:      matt_arrival_refuge
D:2:      grunt_temple_overflow_open, item_on_display_a
D:3:      uniq_grinder

Skill      XL: |  1  2  3  4 |
---------------+-------------+-----
Unarmed Combat | 3 4 5 |  5.5
Fighting       | |  3.1
Dodging        | |  2.8
Stealth        | |  1.7

Action                   |  1- 3 |  4- 6 || total
-------------------------+-------+-------++-------
Melee: Unarmed           |   169 |   124 ||   293
       Punch             |     1 |     3 ||     4
       Kick              |    28 |    25 ||    53
Throw: Stone             |       |     1 ||     1
 Stab: Sleeping          |     5 |     4 ||     9
  Eat: Chunk             |     3 |     3 ||     6
Armor: Robe              |    21 |    28 ||    49
Dodge: Dodged            |    92 |    54 ||   146
